 Dungeon Crawl Stone Soup version 0.30-a0-782-ge64f9170bb (webtiles) character file.

Game seed: 5206466581405611418

646 Crownlay the Ruffian (level 7, -2/70 HPs)
             Began as a Troll Fighter on Mar 10, 2023.
             Was an Initiate of Wu Jian.
             Slain by Pikel
             ... wielding a +0 whip of electrocution
              (19 damage)
             ... on level 5 of the Dungeon.
             The game lasted 00:05:44 (2946 turns).

Crownlay the Ruffian (Troll Fighter)                Turns: 2946, Time: 00:05:45

Health: -2/70      AC:  4    Str: 25    XL:     7   Next: 27%
Magic:  6/6        EV:  8    Int:  6    God:    Wu Jian [......]
Gold:   269        SH:  8    Dex:  9    Spells: 6/6 levels left

rFire   . . .      SeeInvis .      - Unarmed
rCold   . . .      Faith    .    b - +0 kite shield
rNeg    . . .      Spirit   .    a - +0 robe
rPois   .          Reflect  .    (helmet restricted)
rElec   .          Harm     .    (no cloak)
rCorr   .          Rampage  .    (gloves unavailable)
Will    .....                    (boots unavailable)
Stlth   +                        m - amulet of the acrobat
HPRegen 1.11/turn                (no ring)
MPRegen 0.10/turn                (no ring)

@: no status effects
A: large, unfitting armour, claws 3, regeneration 1, shaggy fur 1, tough skin 1
a: Renounce Religion


You were on level 5 of the Dungeon.
You worshipped Wu Jian.
Wu Jian was noncommittal.
You visited 1 branch of the dungeon, and saw 5 of its levels.

You collected 269 gold pieces.

Inventory:

Missiles
 o - 8 poisoned darts (quivered)
Armour
 a - a +0 robe (worn)
 b - a +0 kite shield (worn)
Jewellery
 m - an amulet of the acrobat (around neck)
Scrolls
 d - 3 scrolls of identify {unknown}
 e - 3 scrolls of magic mapping {unknown}
 f - a scroll of poison {unknown}
 g - a scroll of butterflies {unknown}
 j - a scroll of fog {unknown}
 l - a scroll of silence {unknown}
 p - 4 scrolls of enchant armour {unknown}
 q - a scroll of torment {unknown}
 r - 4 scrolls of teleportation {unknown}
 s - a scroll of fear {unknown}
 u - 2 scrolls of blinking {unknown}
 v - a scroll of enchant weapon {unknown}
 x - a scroll of noise {unknown}
 y - a scroll of brand weapon {unknown}
 A - a scroll of acquirement {unknown}
 B - a scroll of amnesia {unknown}
 C - a scroll of vulnerability {unknown}
Potions
 c - 2 potions of might
 h - 2 potions of curing
 i - 2 potions of heal wounds {unknown}
 k - a potion of cancellation {unknown}
 n - a potion of lignification {unknown}
 t - a potion of attraction {unknown}
 w - a potion of brilliance {unknown}
 z - 2 potions of ambrosia {unknown}
 D - a potion of haste {unknown}


   Skills:
 + Level 4.1 Fighting
 - Level 2.4 Dodging
 + Level 4.4 Shields
 * Level 5.9 Unarmed Combat


You had 6 spell levels left.
You didn't know any spells.
Your spell library contained the following spells:

 Spells                   Type           Power      Damage    Failure   Level
 Necrotise                Necr           0%         1d4       75%         1
 Ozocubu's Armour         Ice            0%         N/A       98%         3
 Vampiric Draining        Necr           0%         2d6       98%         3
 Agony                    Necr           0%         N/A       100%        5
 Ozocubu's Refrigeration  Ice            0%         4d7       100%        7


Dungeon Overview and Level Annotations

Branches:
Dungeon (5/15)             Temple (0/1) D:5

Altars:
Dithmenos
Elyvilon
Fedhas
Hepliaklqana
Sif Muna
Wu Jian
Xom

Annotations:
D:5 Pikel


Innate Abilities, Weirdness & Mutations

You are too large for most types of armour.
You have claws for hands.
Your natural rate of healing is unusually fast.
You are covered in fur. (AC +1)
You have tough skin. (AC +1)


Message History

The lemure is heavily wounded.
The lemure hits you but does no damage.
You closely miss the lemure.
The lemure is heavily wounded.
You block the lemure's attack.
You barely miss the lemure.
The lemure is heavily wounded.
You miss Pikel. You scratch Pikel.
Pikel is lightly wounded.
You block Pikel's attack.
You claw Pikel!
Pikel is moderately wounded.
Pikel hits you with a +0 whip of electrocution!
You scratch Pikel but do no damage.
Pikel is moderately wounded.
Pikel hits you with a +0 whip of electrocution.
You barely miss Pikel.
Pikel is moderately wounded.
Pikel hits you with a +0 whip of electrocution.
You are electrocuted!
You are too injured to fight recklessly!
You are too injured to fight recklessly!
You are too injured to fight recklessly!
You are too injured to fight recklessly!
You are too injured to fight recklessly!
You are too injured to fight recklessly!
You are too injured to fight recklessly!
You scratch Pikel but do no damage.
Pikel is moderately wounded.
Pikel hits you with a +0 whip of electrocution.
You are electrocuted!
* * * LOW HITPOINT WARNING * * *
Pikel hits you with a +0 whip of electrocution.
* * * LOW HITPOINT WARNING * * *
It was a potion of curing.
You feel better.
Pikel hits you with a +0 whip of electrocution!
* * * LOW HITPOINT WARNING * * *
You are electrocuted!!
You die...

### ##.## ##.#@#
#############.###K#
#............## #55
#.###.#######.#
5... ...........#
#.# ####
.......###.# ..#
..##...# #.# ...
..###### #.# ####
..# #.#


You could see Pikel and 3 lemures.

Vanquished Creatures
  Eustachio (D:5)
  An ice beast (D:5)
  An ogre (D:3)
  A lemure (D:5)
  A scorpion (D:5)
  A jelly (D:4)
  A hound (D:3)
  Jessica (D:3)
  2 iguanas
  A gnoll (D:4)
  6 adders
  4 worms
  A dart slug (D:2)
  2 orcs
  2 ball pythons
  6 bats
  9 endoplasms
  4 giant cockroaches
  5 goblins
  4 hobgoblins
  5 jackals
  9 kobolds
  2 quokkas
  4 frilled lizards
  4 rats
  3 bushes (D:3)
81 creatures vanquished.

Vanquished Creatures (others)
  7 plants (D:3)
7 creatures vanquished.

Grand Total: 88 creatures vanquished

Notes
Turn   | Place    | Note
-------+----------+-------------------------------------------
     0 | D:1      | Crownlay the Troll Fighter began the quest for the Orb.
     0 | D:1      | Reached XP level 1. HP: 22/22 MP: 0/0
   391 | D:1      | Reached XP level 2. HP: 23/29 MP: 1/1
   440 | D:1      | Found a faded altar of an unknown god.
   486 | D:1      | You fall into a shaft and drop 1 floor!
   891 | D:1      | Reached XP level 3. HP: 36/36 MP: 2/2
  1220 | D:2      | Reached skill level 3 in Unarmed Combat
  1448 | D:3      | Noticed Jessica
  1463 | D:3      | Killed Jessica
  1464 | D:3      | Reached XP level 4. HP: 43/45 MP: 3/3
  1622 | D:3      | Found a shimmering blue altar of Sif Muna.
  1623 | D:3      | Found a shadowy altar of Dithmenos.
  1624 | D:3      | Found a blossoming altar of Fedhas.
  1625 | D:3      | Found a shimmering altar of Xom.
  1657 | D:3      | Noticed an ogre
  1665 | D:3      | Killed an ogre
  1666 | D:3      | Reached skill level 4 in Unarmed Combat
  1666 | D:3      | Reached XP level 5. HP: 37/53 MP: 4/4
  1725 | D:3      | Found an ornate altar of the Wu Jian Council.
  1728 | D:3      | Became a worshipper of the Wu Jian Council
  2089 | D:4      | Found a hazy altar of Hepliaklqana.
  2232 | D:4      | Reached XP level 6. HP: 61/61 MP: 5/5
  2252 | D:4      | Identified the +9 shortbow of Binokhlai {speed, rElec rF+
                  | Str+4}
  2668 | D:5      | Entered Level 5 of the Dungeon
  2677 | D:5      | Reached skill level 5 in Unarmed Combat
  2697 | D:5      | Noticed Eustachio
  2705 | D:5      | Killed Eustachio
  2745 | D:5      | Found a staircase to the Ecumenical Temple.
  2753 | D:5      | Noticed an ice beast
  2764 | D:5      | Killed an ice beast
  2765 | D:5      | Reached XP level 7. HP: 65/70 MP: 6/6
  2841 | D:5      | Found a white marble altar of Elyvilon.
  2926 | D:5      | Noticed Pikel
  2946 | D:5      | Slain by Pikel

Illustrated notes

Levels and vault maps discovered:
D:1:      dpeg_arrival_subterranean_lakeside_camping, layout_basic,
          shapermc_ecumenical_altar_hornbeckon
D:2:      layout_rooms
D:3:      layout_rooms, mainiacjoe_overflow_alcove_3, lemuel_doored_altar,
          fountainhead, lexackson_kobold_supper, uniq_jessica
D:4:      layout_gridville, worldfamousw_hep_ancestral_shrine,
          kennysheep_generic_room_16
D:5:      layout_loops_ring, elyvilon_altar_1, temple_doors_e, uniq_grinder,
          uniq_pikel, uniq_eustachio

Skill      XL: |  1  2  3  4  5  6 |
---------------+-------------------+-----
Shields        | 3 4 |  4.4
Unarmed Combat | 3 4 5 |  5.9
Fighting       | 3 4 |  4.1
Dodging        | |  2.4

Action                     |  1- 3 |  4- 6 |  7- 9 || total
---------------------------+-------+-------+-------++-------
  Melee: Unarmed           |   117 |   245 |    32 ||   394
  Throw: Dart              |       |     5 |       ||     5
Ability: Lunge             |       |    12 |       ||    12
    Use: Potion            |       |       |     1 ||     1
   Stab: Sleeping          |       |     1 |       ||     1
 Armour: Robe              |    31 |    23 |     4 ||    58
  Dodge: Dodged            |    43 |    31 |     4 ||    78
  Block: Kite shield       |    35 |    34 |     8 ||    77

Table legend: (Time is in decaauts)
 A = Elapsed time spent in this place.
 B = Non-inter-level travel time spent in this place.
 C = Inter-level travel time spent in this place.
 D = Time resting spent in this place.
 E = Time spent auto-exploring this place.
 F = Levels seen in this place.
 G = Mean time per level.
                   A        B        C        D        E       F      G
               +--------+--------+--------+--------+--------+-----+--------+
         Total |   2968 |   2841 |    127 |      0 |   2100 |   5 |  593.6 |
       Dungeon |   2968 |   2841 |    127 |      0 |   2100 |   5 |  593.6 |
               +--------+--------+--------+--------+--------+-----+--------+

Top non-repeatable levels by time:
     D:1: 944 daAuts
     D:3: 721 daAuts
     D:4: 615 daAuts
     D:2: 407 daAuts
     D:5: 279 daAuts
